 Dungeon Crawl Stone Soup version 0.31-a0-232-gb1c03b2570 (webtiles) character file.

Game seed: 14247124529872230781

198 qw the Shooter (level 5, -4/32 HPs)
             Began as a Gargoyle Hexslinger on July 7, 2023.
             Slain by Edmund
             ... wielding a +1 flail of holy wrath
              (9 damage)
             ... on level 4 of the Dungeon.
             The game lasted 00:01:03 (2583 turns).

qw the Shooter (Gargoyle Hexslinger)                Turns: 2583, Time: 00:01:04

Health: -4/32      AC:  9    Str:  8 (11) XL:     5   Next: 77%
Magic:  6/6        EV: 10    Int: 14      God:
Gold:   146        SH:  0    Dex: 17      Spells: 5/6 levels left

rFire   + . .        Y - +1 sling
rCold   + . .        (no shield)
rNeg    + . .        l - +0 ring mail
rPois   inf          (no helmet)
rElec   +            (no cloak)
rCorr   .            (no gloves)
SInv    .            (no boots)
Will    +....        (no amulet)
Stlth   +            j - ring of protection from fire
HPRegen 0.25/turn    a - ring "Qaut Yna" {rC+ Will+ Dex+3}
MPRegen 0.10/turn

%: no passive effects
@: no status effects
A: sickness immunity, AC +4, negative energy resistance 1, electricity
resistance, torment resistance 1, petrification resistance
a: no special abilities


You were on level 4 of the Dungeon.
You visited 1 branch of the dungeon, and saw 4 of its levels.

You collected 146 gold pieces.


Innate Abilities, Weirdness & Mutations

You are immune to sickness and miasma.
Your stone body is resilient. (AC +4)
You are immune to poison.
You resist negative energy. (rN+)
You are resistant to electric shocks. (rElec)
You are resistant to unholy torment.
You are immune to petrification.


   Skills:
 - Level 2.8 Fighting
 - Level 5.2 Ranged Weapons
 + Level 0.1 Armour
 - Level 1.5 Dodging
 - Level 1.0 Spellcasting
 - Level 2.6 Hexes


You had 5 spell levels left.
You knew the following spells:

 Your Spells              Type           Power      Damage    Failure   Level
a - Slow                  Hex            32%        N/A       26%         1

Your spell library contained the following spells:

 Spells                   Type           Power      Damage    Failure   Level
 Inner Flame              Hex/Fire       4%         N/A       80%         3
 Portal Projectile        Hex/Tloc       8%         N/A       80%         3
 Cause Fear               Hex            4%         N/A       95%         4

Inventory:

Hand Weapons
 Y - a +1 sling (weapon)
Armour
 l - a +0 ring mail (worn)
Jewellery
 a - the ring "Qaut Yna" (right hand) {rC+ Will+ Dex+3}
   (You acquired it on level 2 of the Dungeon)

   [ring of willpower]

   Dex:       It affects your dexterity (+3).
   rC:        It protects you from cold.
   Will:      It increases your willpower.
 b - a ring of protection from fire
 j - a ring of protection from fire (left hand)
Scrolls
 c - a scroll of identify
Potions
 f - a potion of enlightenment
 g - a potion of haste {unknown}
 h - a potion of brilliance {unknown}
 i - a potion of attraction {unknown}

Dungeon Overview and Level Annotations

Branches:
Dungeon (4/15)
 Temple: D:4-7

Altars:
Ashenzari
Dithmenos
Elyvilon

Annotations:
D:4 Edmund


Message History

Found a stone.
Edmund the Younger comes into view.
He is wielding a +1 flail of holy wrath.
Edmund shouts!
You shoot a sling bullet. The sling bullet hits Edmund!
Edmund is lightly wounded.
You shoot a sling bullet. The sling bullet hits Edmund.
Edmund is moderately wounded.
You shoot a sling bullet. The sling bullet hits Edmund!
Edmund is heavily wounded.
You shoot a sling bullet. The sling bullet hits Edmund.
Edmund is heavily wounded.
Edmund hits you with a +1 flail of holy wrath.
You shoot a sling bullet. The sling bullet closely misses Edmund.
Edmund misses you.
Edmund hits you with a +1 flail of holy wrath.
You shoot a sling bullet. The sling bullet hits Edmund!
Edmund is severely wounded.
Edmund hits you with a +1 flail of holy wrath!
You shoot a sling bullet. The sling bullet hits Edmund.
Edmund is severely wounded.
Edmund hits you with a +1 flail of holy wrath.
Edmund closely misses you.
You shoot a sling bullet. The sling bullet hits Edmund.
Edmund is severely wounded.
Edmund misses you.
You shoot a sling bullet. The sling bullet hits Edmund.
Edmund is severely wounded.
Edmund hits you with a +1 flail of holy wrath.
You shoot a sling bullet.
The sling bullet hits Edmund but does no damage.
Edmund is severely wounded.
Edmund hits you with a +1 flail of holy wrath.
Edmund closely misses you.
You shoot a sling bullet. The sling bullet hits Edmund.
Edmund is severely wounded.
Edmund hits you with a +1 flail of holy wrath.
You shoot a sling bullet. The sling bullet hits Edmund.
Edmund is severely wounded.
Edmund hits you with a +1 flail of holy wrath!
You die...

#.#.###.###.###...#
#.............#.###
............#.#.#
.#..###.##.##.#.#
#. ....#.#.#.#.####
# ###..###.......#
###.#.#.#(##.#
##.##.#.# #@##.#.#
#@##.#.# .......#
.......## .####...
#. ... # .... ....


You could see Edmund.

Vanquished Creatures
  A scorpion (D:3)
  Ijyb (D:3)
  An orc wizard (D:2)
  2 adders (D:3)
  2 worms (D:2)
  4 orcs (D:2)
  4 endoplasms
  2 giant cockroaches
  3 hobgoblins
  4 jackals (D:2)
  6 quokkas
  10 ball pythons
  3 bats
  4 frilled lizards
  5 goblins
  5 kobolds
  7 rats
64 creatures vanquished.

Notes
Turn   | Place    | Note
-------+----------+-------------------------------------------
     0 | D:1      | qw the Gargoyle Hexslinger began the quest for the Orb.
     0 | D:1      | Reached XP level 1. HP: 12/12 MP: 2/2
     0 | D:1      | 0 ||| qw: Version: 0.3-a-46-gb1f654a
     0 | D:1      | 0 ||| qw: Game counter: 2394
     0 | D:1      | 0 ||| qw: Melee chars always use a shield: true
     0 | D:1      | 0 ||| qw: God list: Okawaru
     0 | D:1      | 0 ||| qw: Allow faded altars: false
     0 | D:1      | 0 ||| qw: Do Orc after clearing Dungeon:15 true
     0 | D:1      | 0 ||| qw: Do second Lair branch before Depths: true
     0 | D:1      | 0 ||| qw: Lair rune preference: random
     0 | D:1      | 0 ||| qw: Goals: Normal
     0 | D:1      | 0 ||| PLANNING D:1-11
   217 | D:1      | Reached XP level 2. HP: 14/16 MP: 3/3
   335 | D:1      | You fall into a shaft and drop 1 floor!
   354 | D:2      | HP: 4/16 [jackal (1)]
   358 | D:2      | Reached skill level 3 in Ranged Weapons
   512 | D:2      | Reached XP level 3. HP: 21/21 MP: 4/4
   581 | D:2      | 581 ||| UPGRADING to ring of protection from fire.
   582 | D:2      | 582 ||| READING scroll labelled KUTEZ TUAKIOTU.
   582 | D:2      | Identified a scroll of acquirement
   582 | D:2      | 582 ||| ACQUIRING ring "Qaut Yna" {rC+ Will+ Dex+3}
   582 | D:2      | Acquired the ring "Qaut Yna" {rC+ Will+ Dex+3}
   583 | D:2      | 583 ||| READING scroll labelled GOK YZOZEUZYNN.
   584 | D:2      | 584 ||| DROPPING scroll of poison.
   922 | D:1      | Reached XP level 4. HP: 22/26 MP: 5/5
  1092 | D:1      | 1092 ||| UPGRADING to +0 leather armour.
  1102 | D:1      | 1102 ||| DROPPING +0 robe.
  1103 | D:1      | 1103 ||| UPGRADING to ring of protection from fire.
  1104 | D:1      | 1104 ||| READING scroll labelled RUJUOPIOTILL.
  1214 | D:2      | Reached skill level 4 in Ranged Weapons
  1709 | D:2      | 1709 ||| UPGRADING to ring "Qaut Yna" {rC+ Will+ Dex+3}.
  1711 | D:2      | 1711 ||| READING 2 scrolls labelled BUVAUGR MUAPO.
  1712 | D:2      | 1712 ||| DRINKING 2 fizzy puce potions.
  1712 | D:2      | Gained mutation: You sometimes lose your temper in combat.
                  | [potion of mutation]
  1712 | D:2      | Gained mutation: You have hidden genetic defects. [potion
                  | of mutation]
  1712 | D:2      | Gained mutation: You are frail. (-10% HP) [potion of
                  | mutation]
  1713 | D:2      | 1713 ||| DRINKING potion of mutation.
  1713 | D:2      | Lost mutation: You have hidden genetic defects. [potion of
                  | mutation]
  1713 | D:2      | Lost mutation: You sometimes lose your temper in combat.
                  | [potion of mutation]
  1713 | D:2      | Lost mutation: You are frail. (-10% HP) [potion of
                  | mutation]
  1723 | D:2      | 1723 ||| DRINKING 2 murky black potions.
  1724 | D:2      | 1724 ||| DROPPING scroll of blinking.
  1725 | D:2      | 1725 ||| DROPPING potion of degeneration.
  1771 | D:3      | Found a shadowy altar of Dithmenos.
  1884 | D:3      | Found a broken altar of Ashenzari.
  1940 | D:3      | Noticed a scorpion
  1948 | D:3      | Killed a scorpion
  1949 | D:3      | Reached skill level 5 in Ranged Weapons
  1949 | D:3      | Reached XP level 5. HP: 30/30 MP: 6/6
  2135 | D:3      | Noticed Ijyb
  2160 | D:3      | HP: 6/30 [Ijyb/+0 dagger (2)]
  2164 | D:3      | HP: 2/30 [Ijyb/+0 dagger (2)]
  2165 | D:3      | Killed Ijyb
  2346 | D:3      | Found a white marble altar of Elyvilon.
  2429 | D:3      | 2429 ||| UPGRADING to +0 ring mail.
  2439 | D:3      | 2439 ||| DROPPING +0 leather armour.
  2440 | D:3      | 2440 ||| READING scroll labelled JOCOF RIOTOATS.
  2441 | D:3      | 2441 ||| READING scroll labelled OFUABO MUSCH.
  2442 | D:3      | 2442 ||| READING 2 scrolls of identify.
  2442 | D:3      | 2442 ||| IDENTIFYING inky potion
  2571 | D:4      | Noticed Edmund
  2582 | D:4      | HP: 5/32 [Edmund/+1 flail of holy wrath (5)]
  2583 | D:4      | Slain by Edmund

Levels and vault maps discovered:
D:1:      elethiomel_arrival_maze, layout_basic, st_stairs_4,
          kennysheep_flooded_box
D:2:      layout_loops_ring
D:3:      layout_loops_ring, mainiacjoe_overflow_swirl, lemuel_round_altar,
          uniq_ijyb
D:4:      layout_loops_ring, uniq_edmund, uniq_sigmund

Skill      XL: |  1  2  3  4 |
---------------+-------------+-----
Ranged Weapons | 3 5 |  5.2
Fighting       | 2 |  2.8
Armour         | |  0.1
Dodging        | |  1.5
Spellcasting   | |  1.0
Hexes          | |  2.6

Action                     |  1- 3 |  4- 6 || total
---------------------------+-------+-------++-------
   Fire: Sling             |   106 |   176 ||   282
    Use: Scroll            |     2 |     5 ||     7
         Potion            |       |     3 ||     3
 Armour: Robe              |    21 |     4 ||    25
         Leather armour    |       |    25 ||    25
  Dodge: Dodged            |    55 |    54 ||   109

Table legend:
 A = Non-vault XP
 B = Vault XP
 C = Vault XP percentage of total XP
 D = Non-vault monster count
 E = Vault monster count
 F = Vault count percentage of total count
                 A         B        C        D         E       F
            +---------+---------+-------+---------+---------+-------
      Total |     245 |      39 |  13.7 |      60 |       4 |   6.2
            +---------+---------+-------+---------+---------+-------
        D:1 |      26 |       3 |  10.3 |      17 |       3 |  15.0
        D:2 |      87 |       0 |   0.0 |      25 |       0 |   0.0
        D:3 |     129 |      36 |  21.8 |      16 |       1 |   5.9
        D:4 |       3 |       0 |   0.0 |       2 |       0 |   0.0
            +---------+---------+-------+---------+---------+-------
